 Dungeon Crawl Stone Soup version 0.20-a0-924-gfa95efa (webtiles) character file.

16142 Bolverk the Fencer (level 12, -14/103 HPs)
             Began as a Minotaur Gladiator on Mar 27, 2017.
             Was an Elder of Trog.
             Demolished by blobert's ghost (26 damage)
             ... on level 2 of the Orcish Mines.
             The game lasted 00:24:25 (12194 turns).

Bolverk the Fencer (Minotaur Gladiator)            Turns: 12194, Time: 00:24:26

Health: -14/103    AC: 19    Str: 18    XL:     12   Next: 7%
Magic:  11/11      EV: 13    Int: 12    God:    Trog [****..]
Gold:   770        SH:  6    Dex: 21    Spells: 11/11 levels left

rFire    . . .     SeeInvis .   a - +8 scimitar "Jejoclit" {pain, Int+4 Dex+3}
rCold    . . .     Gourm    .   (no shield)
rNeg     . . .     Faith    .   n - +0 chain mail {MR+}
rPois    .         Spirit   .   e - +1 hat
rElec    .         Reflect  +   p - +0 cloak
rCorr    .         Harm     .   o - +0 pair of gloves
MR       +++..                  j - +0 pair of boots
Stlth    ..........             x - +6 amulet of reflection
Regen    1.3/turn               g - +3 ring of intelligence
MPRegen  0.2/turn               (no ring)

@: lethally poisoned (-14 -> -18), regenerating
A: retaliatory headbutt, horns 2, yellow scales 1, wild magic 1
a: Berserk, Trog's Hand, Brothers in Arms, Burn Spellbooks, Renounce Religion


You were on level 2 of the Orcish Mines.
You worshipped Trog.
Trog was greatly pleased with you.
You were not hungry.

You visited 3 branches of the dungeon, and saw 14 of its levels.

You collected 1013 gold pieces.
You spent 243 gold pieces at shops.

Inventory:

Hand Weapons
 a - the +8 scimitar "Jejoclit" (weapon) {pain, Int+4 Dex+3}
   (You bought it in a shop on level 4 of the Dungeon)

   In the hands of one skilled in necromantic magic, it inflicts extra damage on
   living creatures.
   It affects your intelligence (+4).
   It affects your dexterity (+3).
 b - the +7 arbalest of Extermination {freeze, *Corrode rPois rC++}
   (You found it on level 8 of the Dungeon)

   It causes projectiles fired from it to freeze those they strike, causing
   extra injury to most foes and up to half again as much damage against
   particularly susceptible opponents.
   They can also slow down cold-blooded creatures.
   It greatly protects you from cold.
   It protects you from poison.
   It may corrode you when you take damage.
 u - a +1 long sword
Missiles
 d - 4 throwing nets {=f}
 y - 26 poisoned needles
 D - 8 steel javelins (quivered)
 I - 3 javelins
 W - 21 bolts
Armour
 e - a +1 hat (worn)
 j - a +0 pair of boots (worn)
 n - a +0 chain mail of magic resistance (worn)
 o - a +0 pair of gloves (worn)
 p - a +0 cloak (worn)
 H - a +0 robe of cold resistance
Jewellery
 g - a +3 ring of intelligence (left hand)
 s - an uncursed ring of ice
 x - a +6 amulet of reflection (around neck)
Wands
 l - a wand of digging (6/24)
 t - a wand of enslavement (4/24)
 z - a wand of digging (12/24)
 F - a wand of confusion (21/48)
 L - a wand of digging (14/24)
 P - a wand of digging (8/24)
 X - a wand of digging (16/24)
 Y - a wand of flame (31/48)
Scrolls
 i - a scroll of enchant weapon
 m - 2 scrolls of enchant armour {unknown}
 v - 2 scrolls of magic mapping
 w - 5 scrolls of teleportation
 A - a scroll of noise {unknown}
 G - a scroll of fear {unknown}
 J - a scroll of recharging {unknown}
 K - a scroll of summoning {unknown}
 M - 4 scrolls of remove curse
 R - a scroll of silence {unknown}
 S - 2 scrolls of blinking
 T - a scroll of holy word {unknown}
 U - a scroll of fog {unknown}
Potions
 c - 4 potions of flight
 h - a potion of brilliance
 k - 3 potions of magic
 r - 3 potions of lignification
 B - a potion of haste
 C - a potion of ambrosia {unknown}
Books
 O - a book of Necromancy

   Spells                             Type                      Level
   a - Pain                           Necromancy                   1
   b - Animate Skeleton               Necromancy                   1
   c - Vampiric Draining              Necromancy                   3
   d - Regeneration                   Charms/Necromancy            3
   e - Animate Dead                   Necromancy                   4
   f - Control Undead                 Necromancy                   4
   Trog disapproves of the use of such an item.
Comestibles
 f - 10 bread rations
 q - 10 meat rations
 E - 6 chunks of flesh
 Q - 2 fruits
 V - 4 royal jellies


   Skills:
 + Level 8.7 Fighting
 * Level 15.3 Long Blades
   Level 3.7 Bows
 + Level 5.7 Crossbows
 - Level 2.0 Throwing
 + Level 10.2 Armour
 + Level 8.7 Dodging


You had 11 spell levels left.
You didn't know any spells.

Dungeon Overview and Level Annotations

Branches:
Dungeon (11/15)            Temple (1/1) D:5            Lair (0/6) D:10
    Orc (2/2) D:11            Elf (0/3) Orc:2

Altars:
Cheibriados
Dithmenos
Elyvilon
Makhleb
Sif Muna
Trog
Uskayaw
Xom
Yredelemnul
Zin
The Shining One
Beogh

Shops:
D:4 %(}   D:9 %

Annotations:
Orc:2 blobert's ghost, journeyman HOMo


Innate Abilities, Weirdness & Mutations

You reflexively headbutt those who attack you in melee.
You have a pair of horns on your head.
You are partially covered in yellow scales. (AC +2)
Your spells are a little harder to cast, but a little more powerful.


Message History

You barely miss blobert's ghost!
Blobert's ghost is almost destroyed!
You feel sick!
You closely miss blobert's ghost!
Blobert's ghost is almost destroyed!
You feel sick!
Blobert's ghost says, "Ah, a second chance to prove myself in battle!!!"
Blobert's ghost hits you but does no damage!
You are more poisoned!
You completely miss blobert's ghost!
You headbutt blobert's ghost, but do no damage!
Blobert's ghost is almost destroyed!
You feel sick! You block blobert's ghost's attack!
You cut blobert's ghost into ribbons!!!
Blobert's ghost is almost destroyed!
You feel sick!
You carve blobert's ghost like a ham!
Blobert's ghost is almost destroyed!
You feel sick! Blobert's ghost hits you!!!!!! rip

##.......,,,,,,,*
##......(.,,,,*,,,
##........##.,***,*
##....$.((....,*,,**
##...........#.,,,,,*
##......(.......,,,,**
#......(.......#,*,,**
*#..[.W.....$...,,,,,,
#..)@..<..#..,,,,,,,,
#..............,,,,,,
#............#.**,,,,
*#.........#.##***,,,,
#...#..........*,**,,,
##.###..........,,,,,,
*#$*,.......##..,,,,,,
*..,........#**,,,*,,,
##,*,,...#.##*,,,,,,,,


You could see blobert's ghost.

Vanquished Creatures
  Fannar (D:10)
  A queen ant (D:11)
  2 two-headed ogres
  The ghost of Amaryllis the Cleaver, a journeyman VSGl of Qazlal (D:10)
  An unseen horror (D:10)
  2 orc knights (Orc:1)
  Pikel (D:6)
  Psyche (D:8)
  2 gargoyles
  2 trolls (Orc:1)
  Prince Ribbit (D:7)
  2 hippogriffs (D:8)
  Sigmund (D:3)
  6 yaks (D:9)
  A wyvern (D:11)
  2 hungry ghosts (D:11)
  2 wargs (Orc:1)
  7 soldier ants (D:11)
  Duvessa (D:7)
  12 orc warriors
  2 sky beasts
  10 ogres
  A phantom (D:10)
  9 centaurs
  A big kobold (D:7)
  Blork the orc (D:6)
  6 bullfrogs
  Dowan (D:7)
  3 scorpions
  6 killer bees
  A water moccasin skeleton (D:9)
  An electric eel (D:7)
  3 howler monkeys
  8 wights
  A centaur zombie (D:9)
  2 bullfrog zombies
  8 crimson imps
  2 hounds
  17 orc wizards
  11 orc priests
  2 jellies (D:8)
  Jessica (D:4)
  2 iguanas
  31 worker ants
  A hound zombie (D:11)
  A hound skeleton (D:7)
  9 adders
  2 shadow imps
  2 adder skeletons
  2 worms
  4 dart slugs
  5 leopard geckos
  41 orcs
  9 bats
  5 giant cockroaches
  6 goblins
  7 hobgoblins
  16 jackals
  9 kobolds
  2 quokkas
  7 ball pythons
  A ball python skeleton (D:4)
  2 frilled lizards
  A quokka zombie (D:6)
  10 rats
321 creatures vanquished.

Vanquished Creatures (others)
  An iguana (D:6)
1 creature vanquished.

Grand Total: 322 creatures vanquished

Notes
Turn   | Place    | Note
-------+----------+-------------------------------------------
     0 | D:1      | Bolverk the Minotaur Gladiator began the quest for the Orb.
     0 | D:1      | Reached XP level 1. HP: 18/18 MP: 0/0
    52 | D:1      | You fall through a shaft!
    54 | D:2      | Reached skill level 4 in Long Blades
    59 | D:2      | Reached XP level 2. HP: 21/25 MP: 1/1
   291 | D:1      | Reached XP level 3. HP: 30/30 MP: 2/2
   614 | D:1      | Reached skill level 5 in Long Blades
   952 | D:2      | Found a glowing silver altar of Zin.
  1092 | D:2      | Found a hide-covered altar of Uskayaw.
  1092 | D:2      | Found a white marble altar of Elyvilon.
  1143 | D:2      | Reached XP level 4. HP: 37/37 MP: 3/3
  1922 | D:3      | Noticed Sigmund
  1934 | D:3      | Killed Sigmund
  1934 | D:3      | Reached skill level 6 in Long Blades
  1934 | D:3      | Reached XP level 5. HP: 20/42 MP: 4/4
  2100 | D:3      | Reached skill level 5 in Dodging
  2344 | D:4      | Found Onauj's Food Shoppe.
  2386 | D:4      | Reached skill level 7 in Long Blades
  2386 | D:4      | Reached XP level 6. HP: 42/50 MP: 5/5
  2578 | D:4      | Found a snail-covered altar of Cheibriados.
  2785 | D:4      | Noticed Jessica
  2908 | D:4      | Found a deep blue altar of Sif Muna.
  2909 | D:4      | Killed Jessica
  3203 | D:4      | Found Modymoej's Gadget Boutique.
  3442 | D:4      | Found a bloodstained altar of Trog.
  3480 | D:4      | Became a worshipper of Trog the Wrathful
  3523 | D:4      | Found Aplooqol's Antique Weapon Emporium.
  3583 | D:5      | Entered Level 5 of the Dungeon
  3591 | D:5      | Reached skill level 8 in Long Blades
  3591 | D:5      | Reached skill level 1 in Armour
  3591 | D:5      | Reached XP level 7. HP: 56/56 MP: 6/6
  3597 | D:5      | Found a staircase to the Ecumenical Temple.
  3607 | Temple   | Entered the Ecumenical Temple
  3723 | D:5      | Found a shadowy altar of Dithmenos.
  4159 | D:5      | Reached skill level 9 in Long Blades
  4294 | D:5      | Gained mutation: You are partially covered in yellow scales. (AC +2) [mutagenic meat]
  4295 | D:5      | Gained mutation: Your spells are a little harder to cast, but a little more powerful. [mutagenic meat]
  4507 | D:6      | Noticed Pikel
  4520 | D:6      | Killed Pikel
  4520 | D:6      | Reached skill level 10 in Long Blades
  4520 | D:6      | Reached XP level 8. HP: 55/62 MP: 7/7
  4562 | D:6      | Noticed Blork the orc
  4573 | D:6      | Killed Blork the orc
  4573 | D:6      | Reached skill level 5 in Armour
  4737 | D:6      | Reached * piety under Trog
  4836 | D:6      | Reached skill level 11 in Long Blades
  5476 | D:6      | Reached skill level 1 in Bows
  5476 | D:6      | Reached XP level 9. HP: 67/68 MP: 8/8
  5733 | D:4      | Bought a jewelled scimitar for 243 gold pieces
  5733 | D:4      | Identified the +8 scimitar "Jejoclit" {pain, Int+4 Dex+3} (You bought it in a shop on level 4 of the Dungeon)
  5940 | D:7      | Noticed Duvessa
  5940 | D:7      | Noticed Dowan
  5952 | D:7      | Killed Duvessa
  5966 | D:7      | Killed Dowan
  6101 | D:7      | Reached skill level 12 in Long Blades
  6114 | D:7      | Reached ** piety under Trog
  6574 | D:7      | Noticed Prince Ribbit
  6579 | D:7      | Killed Prince Ribbit
  6780 | D:7      | Reached skill level 5 in Fighting
  7355 | D:8      | Noticed Psyche
  7373 | D:8      | Killed Psyche
  7373 | D:8      | Reached XP level 10. HP: 45/82 MP: 9/9
  7560 | D:8      | Got a fine arbalest
  7561 | D:8      | Identified the +7 arbalest of Extermination {freeze, *Corrode rPois rC++} (You found it on level 8 of the Dungeon)
  7666 | D:8      | Noticed a two-headed ogre
  7673 | D:8      | Killed a two-headed ogre
  7673 | D:8      | Reached skill level 13 in Long Blades
  7673 | D:8      | Reached skill level 1 in Crossbows
  8374 | D:9      | Found Lehimine's Food Boutique.
  8527 | D:9      | Reached *** piety under Trog
  9078 | D:10     | Entered Level 10 of the Dungeon
  9173 | D:10     | Killed an unseen horror
  9243 | D:10     | Noticed a gargoyle
  9255 | D:10     | Killed a gargoyle
  9255 | D:10     | Reached skill level 14 in Long Blades
  9365 | D:10     | Noticed Fannar
  9380 | D:10     | Killed Fannar
  9380 | D:10     | Reached XP level 11. HP: 83/92 MP: 10/10
  9529 | D:10     | Noticed Amaryllis's ghost (journeyman VSGl)
  9534 | D:10     | Killed Amaryllis's ghost
  9707 | D:10     | Found a staircase to the Lair.
  9817 | D:11     | Noticed a queen ant
  9819 | D:11     | Reached **** piety under Trog
  9831 | D:11     | Killed a queen ant
  9852 | D:11     | Received a gift from Trog
 10259 | D:11     | Found a staircase to the Orcish Mines.
 10307 | D:11     | Noticed a two-headed ogre
 10314 | D:11     | Killed a two-headed ogre
 10720 | D:11     | Reached skill level 5 in Crossbows
 10726 | D:11     | Reached skill level 15 in Long Blades
 11090 | Orc:1    | Entered Level 1 of the Orcish Mines
 11096 | Orc:1    | Noticed an orc knight
 11113 | Orc:1    | Killed an orc knight
 11367 | Orc:1    | Found a roughly hewn altar of Beogh.
 11376 | Orc:1    | Reached skill level 10 in Armour
 11397 | Orc:1    | Received a gift from Trog
 11758 | Orc:1    | Noticed an orc knight
 11760 | Orc:1    | Reached ***** piety under Trog
 11760 | Orc:1    | Reached XP level 12. HP: 73/103 MP: 11/11
 12129 | Orc:2    | Entered Level 2 of the Orcish Mines
 12135 | Orc:1    | Noticed an orc warlord
 12170 | Orc:2    | Noticed blobert's ghost (journeyman HOMo)
 12194 | Orc:2    | Demolished by blobert's ghost

Vault maps used:
D:1:      ncdulo_lavacross
D:2:      zin_academy, amethyst_overflow_temple_binary
D:3:      uniq_sigmund
D:4:      kennysheep_slug_shrine, tgw_sif, serial_shops, shop,
          nicolae_shop_behind_doors, shop_statue, first_bread,
          trog_butcher_becter
D:5:      nicolae_dithmenos_shadow_blocks, temple_fountains, grunt_ministairs_6
D:6:      uniq_blork_the_orc, uniq_pikel
D:7:      serial_bayou_pond_b, uniq_duvessa, uniq_prince_ribbit1
D:8:      grunt_ogre_cave, uniq_psyche
D:9:      serial_shops, shop_fountains
D:10:     lair_entry_dummy, uniq_fannar
D:11:     cheibrodos_elevator_heist, orc_0_dummy, zaba_antful_of_joy
Temple:   eino_temple_rhombus
Orc:1:    basic_altar
Orc:2:    st_orc_rangers

Skill      XL: |  1  2  3  4  5  6  7  8  9 10 11 |
---------------+----------------------------------+-----
Long Blades    | 4 5 6 7 8 10 11 12 14 15 | 15.3
Dodging        | 4 5 7 8 |  8.7
Armour         | 1 4 6 7 9 10 | 10.2
Bows           | 1 3 |  3.7
Fighting       | 5 7 8 |  8.7
Crossbows      | 3 5 |  5.7
Throwing       | |  2.0

Action                   |  1- 3 |  4- 6 |  7- 9 | 10-12 || total
-------------------------+-------+-------+-------+-------++-------
Melee: Long sword        |    81 |    96 |   133 |       ||   310
       Headbutt          |    18 |    13 |    53 |    91 ||   175
       Short sword       |       |       |     5 |       ||     5
       Scimitar          |       |       |    98 |   311 ||   409
 Fire: Shortbow          |       |       |    28 |     3 ||    31
       Arbalest          |       |       |       |   115 ||   115
Throw: Javelin           |       |     4 |     4 |       ||     8
Invok: Burn Spellbooks   |       |       |     1 |       ||     1
       Trog's Hand       |       |       |       |     3 ||     3
  Use: Scroll            |       |     7 |     4 |     6 ||    17
       Potion            |       |       |     4 |     3 ||     7
  Eat: Chunk             |     1 |    17 |    14 |     9 ||    41
       Fruit             |       |       |       |     1 ||     1
Armor: Leather armour    |     5 |       |       |       ||     5
       Ring mail         |    30 |    30 |    13 |    98 ||   171
       Chain mail        |       |     5 |    73 |     8 ||    86
Dodge: Dodged            |    60 |    59 |   136 |   183 ||   438
Block: Other             |       |       |       |    63 ||    63
       Reflection        |       |       |       |     2 ||     2
       Rpst.: Long sword |    16 |    16 |    23 |       ||    55
       Scimitar          |       |       |    14 |    34 ||    48
